 Dungeon Sprint DCSS version 0.10.4 character file.

270 Groucho the Blackguard (level 4, -1/21 HPs)
             Began as a Felid Berserker on Aug 20, 2022.
             Was a Believer of Trog.
             Splashed by acid (4 damage)
             ... in the Dungeon (Sprint I: "Red Sonja").
             The game lasted 00:01:46 (373 turns).

Groucho the Blackguard (Felid Berserker)             Turns: 373, Time: 00:01:46

HP  -1/21        AC  1     Str 13      XL: 4   Next: 30%
MP   6/6         EV 22     Int  9      God: Trog [**....]
Gold 182         SH  0     Dex 16      Spells:  0 memorised,  3 levels left
Lives: 0, deaths: 1

Res.Fire  : . . .   See Invis. : +     - Unarmed
Res.Cold  : . . .   Warding    : . . (armour unavailable)
Life Prot.: . . .   Conserve   : .   (shield unavailable)
Res.Acid. : . . .   Res.Corr.  : .   (helmet unavailable)
Res.Poison: .       Clarity    : .   (cloak unavailable)
Res.Elec. : .       Spirit.Shd : .   (gloves unavailable)
Sust.Abil.: . .     Stasis     : .   (boots unavailable)
Res.Mut.  : .       Ctrl.Telep.: .   (no amulet)
Res.Rott. : .       Levitation : .   (no ring)
Saprovore : . . .   Ctrl.Flight: .   (no ring)

@: quick, slightly resistant to hostile enchantments, extremely stealthy
A: paw claws, no armour, no advanced items, fangs 3, see invisible, carnivore 3,
speed 1, slow metabolism 2, AC +1
a: Burn Spellbooks, Berserk, Trog's Hand, Renounce Religion


You were in the Dungeon.
You worshipped Trog.
Trog was most pleased with you.
You were not hungry.

You visited 1 branch of the dungeon, and saw 1 of its levels.

You collected 162 gold pieces.

Inventory:

Comestibles
 a - a meat ration
Scrolls
 h - a scroll of blinking
Potions
 c - a potion of curing
 d - 2 potions of heal wounds
 e - a potion of speed
 f - 2 potions of magic


   Skills:
 - Level 2.6 Fighting
 - Level 6.8 Dodging
 + Level 9.1 Stealth
 + Level 9.8 Stabbing
 - Level 2.6 Unarmed Combat


You had 3 spell levels left.
You didn't know any spells.

Dungeon Overview and Level Annotations

Branches:
Dungeon (1/1)

Altars:
Fedhas
Xom


Innate Abilities, Weirdness & Mutations

You cannot wear armour.
You are incapable of any advanced item manipulation.
Your paws have sharp claws.
You have razor-sharp teeth.
You have supernaturally acute eyesight.
You are carnivorous and can eat meat at any time.
You cover ground quickly.
You are covered in fur (AC +1).
You have a slow metabolism.


Message History

The jelly is lightly wounded.
The jelly barely misses you.
You scratch the jelly.
Your paws burn!
The jelly is lightly wounded.
The jelly completely misses you.
You claw the jelly!
Your paws burn!
The jelly is moderately wounded.
The jelly closely misses you.
You scratch the jelly.
Your paws burn!
The jelly is moderately wounded.
The jelly misses you.
Unknown command.
You claw the jelly!
Your paws burn!
* * * LOW HITPOINT WARNING * * *
The jelly is severely wounded.
The jelly completely misses you.
Found a potion of speed.
A centaur warrior comes into view.
You scratch the jelly.
Your paws burn!
You die...

################
#<<#..'ff#.)'..#
#<.[..#f.'..#..+
#..#####'#####'#
#..# #..# #[#
##§!# #..# ####
##.#§≈≈.c# #..#
#+#.@J§§§ #⌠⌠#
+..._#§≈§§c#
####
#_.######### ##+


You could see a centaur warrior (sleeping) and a jelly.

Vanquished Creatures
  An ogre (D)
  Sigmund (D)
  Ijyb (D)
3 creatures vanquished.

Notes
Turn   | Place    | Note
--------------------------------------------------------------
     0 | D        | Groucho, the Felid Berserker, began the quest for the Orb.
     0 | D        | Reached XP level 1. HP: 10/10 MP: 1/1
     2 | D        | Noticed Ijyb
     9 | D        | Killed Ijyb
     9 | D        | Reached skill level 6 in Dodging
     9 | D        | Reached skill level 5 in Stabbing
     9 | D        | Reached XP level 2. HP: 14/14 MP: 2/2
    58 | D        | Noticed an ogre
    65 | D        | Killed an ogre
    65 | D        | Reached skill level 7 in Stealth
    65 | D        | Reached skill level 8 in Stabbing
    65 | D        | Reached XP level 3. HP: 15/17 MP: 4/4
    65 | D        | Reached XP level 4. HP: 18/21 MP: 6/6
    69 | D        | Noticed Sigmund
    81 | D        | Killed Sigmund
    81 | D        | Acquired Trog's second power
    81 | D        | Reached skill level 9 in Stealth
    81 | D        | Reached XP level 5. HP: 4/24 MP: 7/7
   330 | D        | Found a blossoming altar of Fedhas.
   331 | D        | Noticed a jelly
   332 | D        | Found a shimmering altar of Xom.
   339 | D        | Splashed by acid
   340 | D        | Reached XP level 4. HP: -1/21 MP: 6/6
   365 | D        | Noticed a centaur warrior
   373 | D        | Noticed a centaur warrior
   373 | D        | Splashed by acid
